 Dungeon Crawl Stone Soup version 0.21-a0-498-g1b60429 (webtiles) character file.

6522 Dorkslayer the Cleaver (level 11, 0/66 HPs)
             Began as a Gargoyle Fighter on Nov 24, 2017.
             Was a Believer of the Shining One.
             Slain by a two-headed ogre
             ... wielding a +0 giant club
              (24 damage)
             ... on level 10 of the Dungeon.
             The game lasted 00:29:23 (6800 turns).

Dorkslayer the Cleaver (Gargoyle Fighter)           Turns: 6800, Time: 00:29:24

Health: 0/66       AC: 25    Str: 21    XL:     11   Next: 0%
Magic:  11/11      EV:  6    Int: 10    God:    the Shining One [**....]
Gold:   408        SH: 10    Dex: 10    Spells: 10/10 levels left

rFire    + . .     SeeInvis .   a - +0 war axe (elec)
rCold    + . .     Gourm    .   c - +0 shield
rNeg     + + +     Faith    .   F - +0 plate armour
rPois    ∞         Spirit   .   j - +0 helmet
rElec    +         Reflect  .   h - scarf {rC+ rF+}
rCorr    .         Harm     .   E - +2 pair of gloves
MR       .....                  (no boots)
Stlth    ..........             (no amulet)
HPRegen  0.21/turn              o - ring of flight
MPRegen  0.12/turn              p - ring of positive energy

@: glowing
A: negative energy resistance 1, electricity resistance, unbreathing,
petrification resistance, rot immunity, AC +8
a: Divine Shield, Renounce Religion, Evoke Flight


You were on level 10 of the Dungeon.
You worshipped the Shining One.
The Shining One was pleased with you.
You were not hungry.

You visited 2 branches of the dungeon, and saw 11 of its levels.

You collected 558 gold pieces.
You spent 150 gold pieces at shops.

Inventory:

Hand Weapons
 a - a +0 war axe of electrocution (weapon)
Missiles
 k - 2 throwing nets (quivered)
 s - 11 tomahawks
Armour
 b - a +1 cloak
 c - a +0 shield (worn)
 h - a scarf of resistance (worn)
 j - a +0 helmet (worn)
 E - a +2 pair of gloves (worn)
 F - a +0 plate armour (worn)
Jewellery
 o - a ring of flight (left hand)
 p - a ring of positive energy (right hand)
Wands
 u - a wand of flame (22)
 y - a wand of digging (4)
 B - a wand of paralysis (6)
 D - a wand of polymorph (20)
Scrolls
 n - a scroll of torment {unknown}
 q - a scroll of blinking
 r - 2 scrolls of remove curse
 t - 3 scrolls of teleportation
 w - 2 scrolls of enchant armour
 x - 2 scrolls of noise {unknown}
 A - 5 scrolls of enchant weapon {unknown}
 C - a scroll of vulnerability {unknown}
 G - a scroll of fear {unknown}
Potions
 d - 2 potions of might
 e - a potion of heal wounds
 m - 6 potions of curing
 v - 3 potions of haste {unknown}
 z - 3 potions of berserk rage
 H - a potion of flight
Comestibles
 f - 8 bread rations
 g - 2 royal jellies
 i - 7 meat rations
 l - 4 chunks of flesh


   Skills:
 + Level 6.5 Fighting
 + Level 9.2 Axes
 * Level 6.2 Throwing
 + Level 6.1 Armour
 * Level 5.4 Dodging
 + Level 6.8 Shields


You had 10 spell levels left.
You didn't know any spells.

Dungeon Overview and Level Annotations

Branches:
Dungeon (10/15)            Temple (1/1) D:4            Lair (0/6) D:10
    Orc: D:9-12

Altars:
Ashenzari
Cheibriados
Dithmenos
Elyvilon
Fedhas
Gozag
Hepliaklqana
Kikubaaqudgha
Makhleb
Nemelex Xobeh
Okawaru
Qazlal
Ru
Sif Muna
Trog
Uskayaw
Vehumet
Wu Jian
Xom
Yredelemnul
Zin
The Shining One

Shops:
D:4 [*(   D:7 =


Innate Abilities, Weirdness & Mutations

You are resistant to torment.
Your stone body is resilient. (AC +8)
You are immune to poison.
You resist negative energy. (rN+)
You are resistant to electric shocks. (rElec)
You can survive without breathing.
You are immune to petrification.
You are immune to rotting.


Message History

Found 13 stones.
Eat one of 5 chunks of flesh? (ye/n/q)
You eat one of the 5 chunks of flesh.
This raw flesh tastes terrible.
You see here 7 bolts.
A two-headed ogre comes into view.
It is wielding a giant club and a giant spiked club.
The two-headed ogre shouts in stereo!
A crimson imp and a skeleton come into view.
The crimson imp shouts!
You block the two-headed ogre's attack. The two-headed ogre barely misses you.
You hit the two-headed ogre.
Lightning courses through the two-headed ogre!
The two-headed ogre is moderately wounded.
The two-headed ogre hits you with a giant club.
The two-headed ogre barely misses you.
The crimson imp blinks!
You slash the two-headed ogre!
The two-headed ogre is heavily wounded.
You hit the two-headed ogre.
The two-headed ogre is heavily wounded.
The two-headed ogre hits you with a giant club!!
You die...

##########
#........########
.............(.(##
#........######..#
#...[....#######@#
..............5.O.Z.....
....)....#######..##....
.........# ##.# ..
........## .. ......>.#
#.# ........# .#
........# .. ........#


You could see a two-headed ogre, a crimson imp and a bullfrog skeleton.

Vanquished Creatures
  A two-headed ogre (D:10)
  Pikel (D:4)
  2 centaur zombies (D:10)
  A merfolk (D:9)
  A hippogriff (D:8)
  3 yaks (D:10)
  2 wyverns (D:9)
  3 ice beasts
  A sky beast (D:8)
  An orc warrior (D:8)
  2 phantoms
  A black bear (D:8)
  A necrophage (D:7)
  7 ogres
  4 centaurs
  5 bullfrogs
  A gnoll sergeant (D:6)
  2 scorpions
  2 howler monkeys (D:7)
  4 crimson imps
  3 bullfrog zombies
  2 hounds
  A quasit (D:5)
  A jelly (D:6)
  7 orc priests
  2 bullfrog skeletons
  A gnoll shaman (D:7)
  Jessica (D:3)
  3 orc wizards
  Ijyb (D:4)
  9 worker ants
  A hound zombie (D:9)
  11 gnolls
  7 adders
  A shadow imp (D:8)
  2 adder zombies
  A worm (D:2)
  A dart slug (D:3)
  12 leopard geckos
  28 orcs
  A ball python (D:2)
  3 giant cockroaches
  12 goblins
  15 hobgoblins
  7 jackals
  2 quokkas
  13 bats
  3 frilled lizards
  18 kobolds
  A quokka zombie (D:6)
  8 rats
223 creatures vanquished.

Notes
Turn   | Place    | Note
-------+----------+-------------------------------------------
     0 | D:1      | Dorkslayer the Gargoyle Fighter began the quest for the Orb.
     0 | D:1      | Reached XP level 1. HP: 14/14 MP: 1/1
   331 | D:1      | Reached XP level 2. HP: 19/19 MP: 2/2
   571 | D:1      | Reached skill level 2 in Axes
   662 | D:1      | Reached XP level 3. HP: 21/23 MP: 3/3
  1229 | D:2      | Reached skill level 1 in Throwing
  1327 | D:2      | Reached XP level 4. HP: 16/28 MP: 4/4
  1526 | D:2      | Reached skill level 1 in Dodging
  1936 | D:3      | Noticed Jessica
  1945 | D:3      | Killed Jessica
  1945 | D:3      | Reached XP level 5. HP: 29/33 MP: 5/5
  1945 | D:3      | Reached skill level 3 in Axes
  2109 | D:3      | Found a faded altar of an unknown god.
  2132 | D:4      | Found a staircase to the Ecumenical Temple.
  2201 | D:4      | Noticed Ijyb
  2212 | D:4      | Killed Ijyb
  2212 | D:4      | Reached XP level 6. HP: 35/38 MP: 6/6
  2213 | D:4      | Found Cyucude's Antique Armour Emporium.
  2273 | Temple   | Entered the Ecumenical Temple
  2337 | Temple   | Became a worshipper of Elyvilon the Healer
  2507 | D:4      | Found Susho's General Store.
  2600 | D:4      | Noticed a slave
  2600 | D:4      | Noticed a slave
  2601 | D:4      | Noticed Pikel
  2601 | D:4      | Noticed a slave
  2602 | D:4      | Noticed a slave
  2619 | D:4      | Killed Pikel
  2619 | D:4      | Reached skill level 4 in Axes
  2619 | D:4      | Reached XP level 7. HP: 34/43 MP: 7/7
  2654 | D:4      | Found Fouravux's Weapon Emporium.
  2684 | D:4      | Bought a potion of heal wounds for 60 gold pieces
  2684 | D:4      | Bought a +0 helmet for 54 gold pieces
  2684 | D:4      | Bought a potion of curing for 36 gold pieces
  2758 | D:5      | Entered Level 5 of the Dungeon
  2779 | D:5      | Reached skill level 5 in Axes
  2779 | D:5      | Reached XP level 8. HP: 21/48 MP: 8/8
  2787 | D:5      | Reached skill level 5 in Shields
  2942 | D:5      | Found a glowing silver altar of Zin.
  2943 | D:5      | Found an opulent altar of Gozag.
  3141 | D:5      | Found a stormy altar of Qazlal.
  3142 | D:5      | Found a shadowy altar of Dithmenos.
  3142 | D:5      | Found a glowing golden altar of the Shining One.
  3142 | D:5      | Found an ornate altar of the Wu Jian Council.
  3144 | D:5      | Found a hazy altar of Hepliaklqana.
  3145 | D:5      | Found a basalt altar of Yredelemnul.
  3148 | D:5      | Fell from the grace of Elyvilon
  3148 | D:5      | Became a worshipper of the Shining One
  3773 | D:6      | Reached skill level 6 in Axes
  4013 | D:6      | Reached XP level 9. HP: 43/53 MP: 9/9
  4282 | D:6      | Reached skill level 5 in Fighting
  4545 | D:7      | Reached skill level 5 in Armour
  4601 | D:7      | Found a deep blue altar of Sif Muna.
  4806 | D:7      | Found Jemuraoth's Jewellery Shoppe.
  4811 | D:7      | Reached * piety under the Shining One
  4930 | D:7      | Reached skill level 7 in Axes
  5045 | D:7      | Found a snail-covered altar of Cheibriados.
  5170 | D:8      | Found a shattered altar of Ashenzari.
  5320 | D:8      | Reached skill level 5 in Throwing
  5361 | D:8      | Reached XP level 10. HP: 39/60 MP: 10/10
  5529 | D:8      | Reached skill level 8 in Axes
  5979 | D:9      | Reached ** piety under the Shining One
  6115 | D:9      | Found a shimmering altar of Xom.
  6683 | D:10     | Entered Level 10 of the Dungeon
  6695 | D:10     | Reached skill level 5 in Dodging
  6758 | D:10     | Found a staircase to the Lair.
  6762 | D:10     | Noticed a two-headed ogre
  6775 | D:10     | Reached skill level 9 in Axes
  6776 | D:10     | Killed a two-headed ogre
  6776 | D:10     | Reached XP level 11. HP: 25/66 MP: 11/11
  6795 | D:10     | Noticed a two-headed ogre
  6800 | D:10     | Slain by a two-headed ogre

Vault maps used:
D:1:      dpeg_arrival_leaves_temple_mockup
D:2:      kennysheep_generic_room_15
D:3:      chequers_ecumenical_altar_simple, first_bread, uniq_jessica
D:4:      minmay_temple_entry_mist, serial_shops, shop, kennysheep_mini_moat,
          shop, uniq_pikel, uniq_ijyb
D:5:      corexii_shantytown, grunt_temple_overflow_gold_and_silver,
          grunt_temple_overflow_open, hangedman_decor_lopped,
          kennysheep_nondescript
D:7:      lemuel_doored_altar, lemuel_blue_sif_altar, serial_shops, shop
D:8:      evilmike_ruin_ashenzari
D:9:      nicolae_overflow_crystal_walls, hangedman_fish_farm
D:10:     lair_entry_dummy
Temple:   cyrus_temple_forest

Skill      XL: |  1  2  3  4  5  6  7  8  9 10 |
---------------+-------------------------------+-----
Axes           | 2 3 4 5 6 7 9 |  9.2
Throwing       | 1 2 3 5 6 |  6.2
Dodging        | 1 2 3 4 5 |  5.4
Shields        | 4 5 6 |  6.8
Fighting       | 4 5 6 |  6.5
Armour         | 4 5 6 |  6.1

Action                   |  1- 3 |  4- 6 |  7- 9 | 10-12 || total
-------------------------+-------+-------+-------+-------++-------
Melee: War axe           |   133 |   180 |   334 |   127 ||   774
Throw: Tomahawk          |       |     1 |       |       ||     1
       Throwing net      |       |       |     1 |     2 ||     3
  Use: Potion            |       |     2 |     6 |     1 ||     9
       Scroll            |       |       |    12 |     2 ||    14
  Eat: Chunk             |     2 |     4 |     6 |     3 ||    15
       Royal jelly       |       |       |     2 |     1 ||     3
Armor: Scale mail        |    18 |       |       |       ||    18
       Chain mail        |    78 |   118 |   232 |       ||   428
       Plate armour      |       |       |     6 |    74 ||    80
Dodge: Dodged            |    39 |    57 |   110 |    32 ||   238
Block: Shield            |    55 |   100 |   205 |    69 ||   429

Table legend:
 A = Spawn XP
 B = Non-spawn XP
 C = Spawn XP percentage of total XP
 D = Spawn monster count
 E = Non-spawn monster count
 F = Spawn count percentage of total count
 G = Total turns spent on level
                    A         B        C        D         E        F      G
               +---------+---------+-------+---------+---------+-------+---------
         Total |       0 |    9318 |   0.0 |       0 |     223 |   0.0 |  6800
               +---------+---------+-------+---------+---------+-------+---------
           D:1 |       0 |      43 |   0.0 |       0 |      26 |   0.0 |  1074
           D:2 |       0 |      65 |   0.0 |       0 |      17 |   0.0 |   660
           D:3 |       0 |     129 |   0.0 |       0 |      24 |   0.0 |   398
           D:4 |       0 |     870 |   0.0 |       0 |      11 |   0.0 |   537
           D:5 |       0 |     686 |   0.0 |       0 |      56 |   0.0 |   951
           D:6 |       0 |     923 |   0.0 |       0 |      23 |   0.0 |   826
           D:7 |       0 |     777 |   0.0 |       0 |      16 |   0.0 |   616
           D:8 |       0 |    1912 |   0.0 |       0 |      30 |   0.0 |   811
           D:9 |       0 |    1349 |   0.0 |       0 |      12 |   0.0 |   721
          D:10 |       0 |    2564 |   0.0 |       0 |       8 |   0.0 |   117
               +---------+---------+-------+---------+---------+-------+---------
